Map: Pylon LE

Players

Lambo - Winner!

  • Race: Zerg Zerg
  • Spawn Location: 5:00

Krystianer

  • Race: Protoss Protoss
  • League: Master
  • Spawn Location: 11:00

Event: FEL Cracov 2025

VOD

Have the link to the VOD?

Description

Time

  • Played on: July 27, 2025, 1:36 p.m.
  • Length: 12:55

All games in this series

Show
View Real Time Build Order
Export as new Build Order

Lambo Zerg - Winner!

Build Orders: Hatch First, Lurkers 

Get SALT Encoding   

  12  0:00  Drone  
  13  0:08  Drone  
  14  0:14  Extractor, Drone  
  14  0:21  Overlord  
  15  0:39  Drone  
  16  0:44  Hatchery  
  16  0:49  Drone  
  16  0:52  Drone  
  16  0:55  Drone  
  18  1:05  Extractor  
  18  1:10  Spawning Pool  
  16  1:14  Drone  
  16  1:17  Drone  
  18  1:28  Drone  
  19  1:38  Drone  
  20  1:47  Drone  
  21  1:57  Queen x2, Zergling x2  
  21  1:59  Overlord  
  26  2:09  Drone x2  
  26  2:11  Metabolic Boost  
  28  2:18  Drone  
  28  2:20  Drone  
  30  2:28  Drone  
  31  2:31  Drone  
  31  2:32  Queen  
  34  2:42  Hatchery  
  33  2:46  Overlord  
  33  2:52  Zergling x4  
  33  2:55  Zergling x2  
  36  3:07  Drone x7  
  36  3:09  Overlord  
  41  3:26  Drone x3  
  43  3:28  Spore Crawler  
  43  3:31  Drone  
  43  3:38  Drone x4  
  43  3:39  Drone  
  48  3:42  Drone  
  48  3:44  Drone  
  50  3:52  Drone x2  
  50  3:55  Drone  
  51  3:59  Overlord  
  50  4:03  Drone  
  50  4:06  Spore Crawler  
  50  4:09  Drone x7  
  56  4:13  Drone  
  57  4:17  Overlord  
  57  4:18  Queen  
  57  4:20  Overlord  
  59  4:26  Drone  
  59  4:28  Drone x2  
  61  4:32  Queen  
  61  4:33  Drone  
  61  4:36  Drone x2  
  66  4:40  Queen  
  66  4:41  Drone, Extractor  
  66  4:43  Drone x2  
  66  4:45  Drone  
  71  4:47  Overlord  
  71  4:48  Zergling x2  
  71  4:49  Zergling x2  
  73  4:53  Zergling x4  
  73  4:56  Extractor  
  73  4:57  Roach Warren  
  73  4:58  Drone x3  
  76  5:00  Zergling x2  
  76  5:03  Spore Crawler  
  77  5:07  Zergling x4  
  77  5:13  Spore Crawler  
  77  5:15  Lair  
  77  5:16  Drone x4  
  78  5:27  Queen  
  79  5:29  Drone x4  
  79  5:33  Extractor  
  82  5:36  Overlord  
  82  5:41  Zergling x2  
  81  5:49  Zergling x8  
  82  5:54  Queen  
  82  5:55  Drone x6, Evolution Chamber  
  88  6:00  Zergling x2  
  88  6:03  Extractor, Zergling x2  
  89  6:04  Extractor  
  89  6:08  Queen  
  89  6:20  Overlord, Zerg Missile Weapons Level 1  
  89  6:21  Hatchery, Glial Reconstitution, Drone, Hydralisk Den  
  85  6:26  Drone x5  
  90  6:41  Zergling x16  
  90  6:45  Infestation Pit  
  97  6:53  Grooved Spines  
  97  6:55  Overlord  
  97  6:56  Overlord  
  97  6:57  Overlord  
  97  7:00  Overlord  
  97  7:01  Overlord  
  97  7:02  Hydralisk  
  97  7:05  Extractor  
  97  7:07  Overlord  
  96  7:12  Overlord x2  
  96  7:13  Overlord  
  96  7:14  Hydralisk x6  
  107  7:18  Hydralisk  
  107  7:21  Extractor  
  108  7:24  Hydralisk x5  
  118  7:31  Hydralisk  
  120  7:39  Hydralisk x3  
  120  7:40  Zergling x2  
  120  7:41  Zergling x8  
  120  7:43  Muscular Augments  
  131  7:45  Zergling x2  
  129  7:51  Hydralisk  
  129  7:52  Hydralisk x4  
  136  8:01  Hydralisk x3  
  142  8:11  Hydralisk x3  
  147  8:16  Zergling x6  
  147  8:17  Hatchery  
  147  8:19  Hive  
  149  8:26  Drone x2  
  151  8:27  Hydralisk x2  
  151  8:33  Hatchery  
  154  8:36  Zerg Missile Weapons Level 2, Overlord  
  154  8:39  Zergling x14  
  161  8:46  Hydralisk x3  
  167  8:51  Hydralisk  
  167  8:55  Queen  
  171  8:56  Hydralisk  
  171  8:57  Hydralisk  
  171  8:59  Overlord  
  171  9:00  Overlord, Hydralisk  
  172  9:07  Hydralisk x3  
  166  9:11  Zergling x6  
  166  9:14  Zergling x6  
  166  9:20  Hydralisk x2  
  147  9:24  Zergling x2  
  147  9:28  Zergling x8  
  126  9:31  Zergling x2  
  127  9:40  Zergling x16  
  127  9:41  Lurker Den  
  134  9:48  Zergling x6  
  134  9:50  Drone  
  138  9:53  Zergling x4  
  138  9:54  Extractor  
  138  9:55  Extractor  
  138  9:56  Hydralisk  
  140  10:00  Hydralisk  
  140  10:01  Hydralisk x3  
  148  10:07  Hydralisk x4  
  148  10:09  Zergling x2  
  155  10:15  Hydralisk x3  
  155  10:21  Zergling x6  
  152  10:24  Zergling x2  
  152  10:25  Zergling x4  
  152  10:28  Hydralisk  
  146  10:36  Hydralisk x4  
  146  10:42  Lurker x2, Unknown  
  155  10:48  Zergling x14  
  162  10:54  Zergling x2  
  162  10:55  Zergling x4  
  139  11:04  Zergling x12  
  139  11:09  Zergling x4  
  138  11:12  Lurker x2  
  138  11:13  Lurker x2  
  138  11:14  Lurker  
  143  11:22  Drone x4  
  147  11:26  Lurker  
  147  11:29  Lurker  
  147  11:30  Hydralisk x2  
  147  11:31  Zergling x8  
  157  11:39  Zergling x6  
  160  11:42  Lurker x2  
  164  11:47  Zergling x6  
  164  11:49  Zergling x2  
  165  11:55  Zergling x2  
  166  12:07  Zergling x8  
  162  12:12  Zergling x6  
  160  12:17  Overlord  
  160  12:19  Zergling x4  
  156  12:26  Hydralisk x2  
  142  12:30  Hydralisk x2  
Show
View Real Time Build Order
Export as new Build Order

Krystianer Protoss 

Build Orders: 1 Gate Expand, Oracle Opening, Archon Immortal, Archon Drop 

Get SALT Encoding   

  12  0:00  Probe  
  13  0:12  Probe  
  14  0:17  Pylon  
  14  0:23  Probe  
  15  0:31  Probe  
  16  0:38  Gateway  
  16  0:39  Probe  
  16  0:46  Assimilator  
  17  0:51  Probe  
  18  1:03  Probe  
  19  1:15  Probe  
  20  1:22  Nexus  
  20  1:32  Cybernetics Core  
  20  1:35  Probe  
  20  1:39  Assimilator  
  21  1:47  Probe  
  22  1:51  Pylon  
  22  1:59  Probe, Adept  
  23  2:11  Probe  
  26  2:17  Stargate  
  26  2:19  Adept  
  26  2:23  Probe  
  29  2:31  Warp Gate  
  29  2:33  Probe  
  29  2:35  Probe  
  31  2:41  Probe  
  31  2:47  Probe  
  31  2:49  Probe, Adept  
  35  2:53  Oracle  
  36  3:00  Probe  
  36  3:01  Probe  
  41  3:12  Probe  
  42  3:13  Probe  
  43  3:24  Probe  
  43  3:25  Probe  
  41  3:32  Gateway  
  41  3:34  Assimilator, Probe  
  41  3:35  Assimilator  
  41  3:36  Probe  
  41  3:37  Robotics Facility  
  43  3:41  Pylon  
  43  3:42  Probe  
  43  3:45  Twilight Council  
  43  3:48  Probe  
  45  3:52  Probe  
  46  4:00  Probe, Shield Battery  
  47  4:04  Probe  
  47  4:09  Gateway x2  
  48  4:12  Probe  
  48  4:14  Pylon  
  48  4:16  Probe, Warp Prism  
  50  4:19  Adept  
  52  4:30  Templar Archives  
  54  4:34  Adept  
  56  4:44  Pylon  
  56  4:46  Nexus  
  56  4:49  Probe x2  
  58  4:54  Pylon  
  58  5:01  Probe x2  
  58  5:04  Forge  
  60  5:10  High Templar x2  
  60  5:11  High Templar  
  60  5:13  Probe  
  67  5:14  Archon  
  67  5:15  High Templar  
  67  5:16  Immortal  
  67  5:18  Probe  
  67  5:19  Archon  
  68  5:26  Probe  
  71  5:30  Probe  
  71  5:31  Pylon  
  72  5:38  Probe  
  72  5:42  Probe  
  74  5:43  Immortal  
  74  5:50  Probe  
  74  5:55  Probe x2  
  80  5:57  Protoss Ground Weapons Level 1  
  80  6:03  Probe x2, Assimilator, Charge  
  82  6:05  Assimilator  
  82  6:07  Probe  
  82  6:09  Zealot x3  
  90  6:12  Pylon  
  90  6:13  Immortal  
  90  6:15  Probe  
  91  6:19  Gateway  
  91  6:20  Probe  
  91  6:21  Gateway, Probe  
  97  6:27  Probe  
  97  6:32  Shield Battery  
  98  6:33  Probe  
  98  6:36  Gateway  
  99  6:40  Gateway  
  99  6:43  High Templar x2  
  99  6:44  Zealot x2  
  99  6:45  Probe  
  99  6:46  Pylon  
  108  6:51  Archon  
  108  6:53  Immortal  
  108  7:00  Psionic Storm  
  108  7:02  Pylon  
  108  7:03  Pylon  
  112  7:09  Sentry x2  
  116  7:21  Pylon  
  116  7:22  Zealot x4, Pylon  
  121  7:26  Immortal  
  121  7:31  Zealot x2  
  129  7:40  Zealot x2  
  129  7:43  Zealot x4  
  138  7:46  Probe x2  
  134  7:51  Zealot  
  134  7:52  Zealot  
  138  8:00  Probe  
  138  8:02  High Templar x2  
  138  8:03  Pylon  
  138  8:04  Observer, Pylon, High Templar x3  
  147  8:10  Protoss Ground Weapons Level 2  
  147  8:12  Immortal  
  148  8:13  Pylon  
  148  8:14  Pylon  
  152  8:27  Photon Cannon  
  152  8:31  Zealot x3  
  158  8:35  High Templar x2  
  158  8:37  Pylon  
  162  8:44  Zealot x3  
  168  8:51  High Templar  
  162  9:05  Zealot  
  162  9:06  Zealot x3  
  162  9:09  Immortal, Zealot x3  
  120  9:31  High Templar x4  
  120  9:32  Zealot x4  
  134  9:39  Warp Prism  
  134  9:51  Nexus  
  136  9:53  High Templar x2, Zealot x2  
  136  9:57  Archon  
  144  10:03  Zealot x2  
  144  10:04  Zealot x2  
  152  10:09  Pylon  
  150  10:14  Zealot  
  150  10:16  Zealot  
  141  10:24  Zealot x2  
  141  10:25  Zealot  
  141  10:27  High Templar x3  
  148  10:28  Probe  
  148  10:30  Immortal  
  138  10:37  Zealot x2  
  144  10:46  Zealot x3  
  144  10:47  Probe  
  144  10:48  Probe  
  134  11:01  Zealot x5  
  134  11:02  Immortal  
  96  11:11  High Templar x3  
  106  11:22  High Templar x2  
  106  11:23  Zealot x3  
  116  11:28  Immortal  
  110  11:43  Zealot x4  
  110  11:44  Zealot x2  
  126  11:50  Probe x2  
  126  11:54  Probe  
  126  11:58  Pylon  
  126  11:59  Zealot x2  
  131  12:04  Zealot x5  
  131  12:05  Observer  
  121  12:25  Zealot x7  
  121  12:41  Probe  
Tags
 
Add a new tag
Caveats
  • Supply blocks, unpowered buildings, or Contaminate may cause inaccurate times.
  • Supply counts are checked every 10 seconds.